General information
- name: BNet
- type: Ladder team game (AT/RT)
- host: Battle.net
- saver: WIIU-PWN-XBOX1
map: Deadlock
- players: 8
- length: 62:00
- speed: Fast
- version: 1.26 W3XP
- replay type: Public
» download(295 KB)
Players
team 1 (loser)

»
James818763 (
blue | 42 APM | 1313 actions | 31:31)
5 Archmage
3 Blizzard
1 Summon Water Elemental
1 Brilliance Aura
1 Mountain King
1 Storm Bolt
» actions
| Assign group hotkey | 12 | |
| Basic commands | 88 | |
| Build / train | 78 | |
| ESC pressed | 3 | |
| Enter build submenu | 36 | |
| Enter hero's abilities submenu | 6 | |
| Remove unit from queue | 1 | |
| Right click | 527 | |
| Select / deselect | 288 | |
| Select group hotkey | 193 | |
| Use ability | 80 | |
1313 total
» units
| Peasant | 21 | |
| Rifleman | 9 | |
| Siege Engine | 2 | |
32 total
» upgrades
| Masonry | 2 | |
| Gunpowder | 2 | |
| Armor | 2 | |
| Long Rifles | 1 | |
| Lumber Harvesting | 1 | |
| Barrage | 1 | |
| Control Magic | 1 | |
10 total
» buildings
| Altar of Kings | 2 | |
| Farm | 8 | |
| Scout Tower | 17 | |
| Lumber Mill | 1 | |
| Arcane Tower | 3 | |
| Guard Tower | 10 | |
| Blacksmith | 1 | |
| Barracks | 1 | |
| Arcane Vault | 1 | |
| Keep | 1 | |
| Town Hall | 5 | |
| Arcane Sanctum | 1 | |
| Workshop | 2 | |
| Castle | 1 | |
54 total
» build order
00:07 Altar of Kings
00:30 Farm
00:39 Scout Tower
01:18 Lumber Mill
01:25 Scout Tower
01:28 Arcane Tower
02:25 Guard Tower
02:30 Scout Tower
02:38 Blacksmith
02:59 Farm
03:25 Barracks
03:41 Arcane Vault
04:15 Keep
04:28 Farm
06:08 Farm
07:27 Scout Tower
07:32 Scout Tower
07:37 Town Hall
07:40 Scout Tower
07:41 Scout Tower
07:51 Guard Tower
08:27 Guard Tower
08:30 Arcane Tower
09:50 Arcane Tower
10:12 Guard Tower
11:42 Town Hall
12:03 Farm
12:05 Farm
12:06 Farm
12:39 Scout Tower
12:40 Scout Tower
12:40 Scout Tower
13:32 Guard Tower
13:57 Arcane Sanctum
14:02 Workshop
15:17 Scout Tower
15:17 Scout Tower
15:55 Guard Tower
16:02 Town Hall
16:23 Scout Tower
16:25 Guard Tower
17:00 Castle
17:06 Guard Tower
20:00 Town Hall
20:09 Workshop
20:20 Altar of Kings
20:26 Scout Tower
20:27 Scout Tower
20:29 Scout Tower
20:34 Scout Tower
20:53 Guard Tower
21:22 Guard Tower
21:45 Guard Tower
25:59 Farm
29:11 Town Hall
» items
| Scroll of Regeneration | 5 | |
| Mechanical Critter | 2 | |
| Scroll of Town Portal | 2 | |
| Potion of Healing | 3 | |
12 total
Negrornancer (
red | 72 APM | 4470 actions | 61:57)
10 Archmage
3 Summon Water Elemental
3 Brilliance Aura
1 Mass Teleport
3 Blizzard
» actions
| Assign group hotkey | 124 | |
| Basic commands | 259 | |
| Build / train | 243 | |
| ESC pressed | 18 | |
| Enter build submenu | 109 | |
| Enter hero's abilities submenu | 10 | |
| Give item / drop item | 2 | |
| Remove unit from queue | 2 | |
| Right click | 1202 | |
| Select / deselect | 690 | |
| Select group hotkey | 1424 | |
| Use ability | 387 | |
4470 total
» units
| Peasant | 30 | |
| Footman | 5 | |
| Siege Engine | 3 | |
| Dragonhawk Rider | 3 | |
| Gryphon Rider | 4 | |
| Knight | 5 | |
| Razormane Medicine Man | 1 | |
| Harpy Windwitch | 1 | |
| Harpy Rogue | 1 | |
| Centaur Outrunner | 1 | |
| Mortar Team | 3 | |
57 total
» upgrades
| Backpack | 1 | |
| Masonry | 3 | |
| Lumber Harvesting | 2 | |
| Swords | 3 | |
| Armor | 3 | |
| Animal War Training | 1 | |
| Storm Hammers | 1 | |
| Cloud | 1 | |
| Gunpowder | 3 | |
| Plating | 3 | |
| Fragmentation Shards | 1 | |
| Flare | 1 | |
| Barrage | 1 | |
| Flak Cannons | 1 | |
| Flying Machine Bombs | 1 | |
26 total
» buildings
| Altar of Kings | 1 | |
| Barracks | 1 | |
| Farm | 10 | |
| Arcane Vault | 1 | |
| Town Hall | 10 | |
| Keep | 3 | |
| Lumber Mill | 1 | |
| Scout Tower | 72 | |
| Blacksmith | 2 | |
| Arcane Tower | 16 | |
| Guard Tower | 78 | |
| Castle | 3 | |
| Gryphon Aviary | 8 | |
| Workshop | 6 | |
| Cannon Tower | 3 | |
| Necropolis | 1 | |
216 total
» build order
00:54 Altar of Kings
00:56 Barracks
00:57 Farm
01:07 Farm
01:36 Farm
02:10 Farm
02:48 Farm
03:30 Farm
03:57 Arcane Vault
04:03 Town Hall
04:44 Keep
04:44 Keep
04:45 Keep
05:36 Lumber Mill
05:46 Scout Tower
05:48 Scout Tower
06:09 Blacksmith
06:17 Blacksmith
07:48 Arcane Tower
07:49 Guard Tower
07:49 Guard Tower
07:49 Guard Tower
07:57 Castle
07:57 Castle
07:57 Castle
09:00 Town Hall
09:02 Scout Tower
09:03 Scout Tower
09:04 Scout Tower
09:05 Scout Tower
09:38 Guard Tower
09:39 Guard Tower
09:41 Scout Tower
09:42 Scout Tower
09:43 Scout Tower
09:44 Scout Tower
10:14 Guard Tower
10:14 Guard Tower
10:14 Guard Tower
10:15 Guard Tower
10:15 Guard Tower
10:15 Guard Tower
10:17 Guard Tower
10:18 Guard Tower
10:18 Guard Tower
10:25 Guard Tower
10:49 Gryphon Aviary
10:53 Gryphon Aviary
12:29 Gryphon Aviary
12:32 Gryphon Aviary
12:35 Gryphon Aviary
12:38 Gryphon Aviary
13:08 Farm
13:11 Farm
13:14 Farm
13:15 Farm
13:57 Scout Tower
13:57 Scout Tower
13:58 Scout Tower
14:01 Scout Tower
14:03 Scout Tower
14:23 Gryphon Aviary
14:24 Gryphon Aviary
15:13 Workshop
15:14 Workshop
15:15 Workshop
15:24 Workshop
15:26 Workshop
15:27 Workshop
16:14 Guard Tower
16:15 Guard Tower
16:15 Guard Tower
16:15 Arcane Tower
16:16 Guard Tower
16:16 Guard Tower
16:47 Scout Tower
16:47 Scout Tower
16:48 Scout Tower
16:49 Scout Tower
16:51 Scout Tower
17:30 Guard Tower
17:30 Guard Tower
17:30 Guard Tower
17:33 Scout Tower
17:34 Scout Tower
17:35 Scout Tower
17:36 Scout Tower
17:37 Scout Tower
17:38 Guard Tower
18:09 Guard Tower
18:10 Guard Tower
18:10 Guard Tower
18:28 Scout Tower
18:29 Scout Tower
18:30 Scout Tower
18:31 Scout Tower
18:31 Scout Tower
18:32 Scout Tower
19:13 Guard Tower
19:13 Guard Tower
19:13 Guard Tower
19:39 Guard Tower
19:39 Guard Tower
22:39 Town Hall
22:41 Scout Tower
22:42 Scout Tower
22:43 Scout Tower
22:44 Scout Tower
23:21 Guard Tower
23:21 Guard Tower
23:21 Guard Tower
23:24 Scout Tower
23:28 Scout Tower
23:28 Scout Tower
23:29 Scout Tower
23:31 Scout Tower
23:36 Scout Tower
23:38 Scout Tower
23:40 Scout Tower
23:42 Scout Tower
23:42 Scout Tower
23:54 Scout Tower
23:55 Scout Tower
23:56 Scout Tower
23:57 Scout Tower
23:58 Scout Tower
24:04 Guard Tower
24:04 Guard Tower
24:04 Guard Tower
24:15 Guard Tower
24:15 Guard Tower
24:15 Guard Tower
24:28 Guard Tower
24:28 Guard Tower
24:28 Guard Tower
24:29 Guard Tower
24:29 Guard Tower
24:34 Guard Tower
24:34 Guard Tower
24:57 Guard Tower
25:04 Guard Tower
30:07 Town Hall
30:46 Town Hall
31:12 Town Hall
32:08 Scout Tower
32:09 Scout Tower
32:10 Scout Tower
32:10 Scout Tower
32:11 Scout Tower
32:11 Scout Tower
33:20 Guard Tower
39:13 Town Hall
41:05 Scout Tower
41:07 Scout Tower
41:07 Scout Tower
41:09 Scout Tower
41:10 Scout Tower
41:15 Guard Tower
41:15 Guard Tower
42:40 Guard Tower
44:12 Scout Tower
44:15 Scout Tower
44:52 Guard Tower
44:52 Guard Tower
44:55 Arcane Tower
44:55 Arcane Tower
45:31 Town Hall
49:22 Town Hall
50:13 Town Hall
50:16 Scout Tower
50:18 Scout Tower
50:33 Scout Tower
50:34 Scout Tower
50:36 Scout Tower
50:37 Scout Tower
50:38 Scout Tower
50:39 Scout Tower
50:41 Scout Tower
50:46 Arcane Tower
50:47 Arcane Tower
50:47 Arcane Tower
50:47 Arcane Tower
51:08 Guard Tower
51:08 Guard Tower
51:08 Guard Tower
51:10 Arcane Tower
51:10 Arcane Tower
51:13 Guard Tower
51:13 Guard Tower
51:18 Cannon Tower
51:18 Cannon Tower
58:48 Necropolis
» items
| Scroll of Regeneration | 7 | |
| Mechanical Critter | 2 | |
| Staff of Teleportation | 1 | |
| Potion of Lesser Invulnerability | 1 | |
| Potion of Healing | 5 | |
| Scroll of Town Portal | 6 | |
| Lesser Clarity Potion | 2 | |
| Staff of Sanctuary | 1 | |
25 total
Opponet (
yellow | 23 APM | 1318 actions | 56:22)
4 Dreadlord
2 Carrion Swarm
1 Sleep
1 Vampiric Aura
» actions
| Basic commands | 8 | |
| Build / train | 61 | |
| Enter build submenu | 50 | |
| Enter hero's abilities submenu | 5 | |
| Give item / drop item | 1 | |
| Remove unit from queue | 1 | |
| Right click | 622 | |
| Select / deselect | 460 | |
| Use ability | 108 | |
1318 total
» units
| Acolyte | 5 | |
| Ghoul | 9 | |
| Crypt Fiend | 8 | |
| Meatwagon | 7 | |
| Obsidian Statue | 4 | |
33 total
» upgrades
| Creature Carapace | 2 | |
| Creature Attack | 2 | |
| Web | 1 | |
| Burrow | 1 | |
6 total
» buildings
| Ziggurat | 21 | |
| Altar of Darkness | 2 | |
| Crypt | 2 | |
| Graveyard | 1 | |
| Tomb of Relics | 3 | |
| Nerubian Tower | 3 | |
| Spirit Tower | 3 | |
| Necropolis | 8 | |
| Halls of the Dead | 1 | |
| Black Citadel | 1 | |
| Slaughterhouse | 1 | |
46 total
» build order
01:06 Ziggurat
01:09 Altar of Darkness
01:36 Crypt
01:45 Crypt
02:09 Graveyard
02:18 Ziggurat
02:32 Tomb of Relics
04:48 Nerubian Tower
04:50 Ziggurat
05:44 Spirit Tower
07:52 Necropolis
08:16 Necropolis
08:44 Ziggurat
08:46 Ziggurat
08:50 Ziggurat
08:56 Ziggurat
09:00 Ziggurat
09:39 Spirit Tower
09:42 Tomb of Relics
10:04 Ziggurat
10:08 Ziggurat
10:14 Ziggurat
11:33 Nerubian Tower
13:01 Halls of the Dead
17:05 Black Citadel
17:25 Ziggurat
17:30 Ziggurat
17:34 Ziggurat
17:50 Ziggurat
17:57 Ziggurat
18:00 Ziggurat
18:03 Ziggurat
18:08 Ziggurat
19:02 Nerubian Tower
19:09 Ziggurat
19:18 Ziggurat
20:04 Spirit Tower
20:29 Slaughterhouse
32:36 Altar of Darkness
34:28 Tomb of Relics
38:49 Necropolis
39:09 Necropolis
39:14 Necropolis
39:27 Necropolis
39:36 Necropolis
41:00 Necropolis
» items
| Sacrificial Skull | 2 | |
| Scroll of Town Portal | 1 | |
| Potion of Mana | 1 | |
| Potion of Healing | 3 | |
| Scroll of Healing | 1 | |
8 total
ReisHK (
green | 55 APM | 1804 actions | 32:42)
7 Lich
3 Frost Nova
3 Dark Ritual
1 Death and Decay
» actions
| Assign group hotkey | 49 | |
| Build / train | 109 | |
| ESC pressed | 1 | |
| Enter build submenu | 19 | |
| Enter hero's abilities submenu | 8 | |
| Give item / drop item | 1 | |
| Remove unit from queue | 2 | |
| Right click | 779 | |
| Select / deselect | 255 | |
| Select group hotkey | 443 | |
| Use ability | 138 | |
1804 total
» units
| Acolyte | 15 | |
| Ghoul | 11 | |
| Crypt Fiend | 4 | |
| Abomination | 3 | |
| Frost Wyrm | 2 | |
| Meatwagon | 2 | |
| Gargoyle | 8 | |
45 total
» upgrades
| Cannibalize | 1 | |
| Unholy Strength | 3 | |
| Unholy Armor | 1 | |
| Ghoul Frenzy | 1 | |
| Web | 1 | |
| Creature Attack | 2 | |
| Burrow | 1 | |
| Freezing Breath | 1 | |
11 total
» buildings
| Ziggurat | 10 | |
| Crypt | 2 | |
| Altar of Darkness | 1 | |
| Halls of the Dead | 2 | |
| Tomb of Relics | 1 | |
| Graveyard | 1 | |
| Sacrificial Pit | 1 | |
| Black Citadel | 4 | |
| Necropolis | 1 | |
| Slaughterhouse | 1 | |
| Boneyard | 1 | |
| Spirit Tower | 1 | |
26 total
» build order
00:10 Ziggurat
00:12 Crypt
00:13 Crypt
01:10 Altar of Darkness
02:41 Halls of the Dead
02:45 Ziggurat
03:02 Tomb of Relics
03:39 Graveyard
05:52 Sacrificial Pit
06:07 Black Citadel
06:07 Black Citadel
06:07 Black Citadel
07:05 Necropolis
11:29 Slaughterhouse
12:47 Boneyard
13:39 Ziggurat
13:40 Ziggurat
14:20 Ziggurat
14:21 Ziggurat
14:21 Ziggurat
15:31 Spirit Tower
16:11 Ziggurat
21:02 Ziggurat
21:08 Ziggurat
» items
| Rod of Necromancy | 2 | |
| Potion of Healing | 5 | |
| Scroll of Protection | 1 | |
| Scroll of Healing | 1 | |
| Orb of Corruption | 1 | |
| Scroll of Town Portal | 2 | |
| Staff of Teleportation | 1 | |
| Potion of Mana | 1 | |
14 total
team 2 (winner)

»
monasou (
teal | 23 APM | 1400 actions | 60:46)
6 Death Knight
3 Death Coil
2 Unholy Aura
1 Animate Dead
» actions
| Basic commands | 2 | |
| Build / train | 92 | |
| Enter build submenu | 40 | |
| Enter hero's abilities submenu | 6 | |
| Remove unit from queue | 4 | |
| Right click | 699 | |
| Select / deselect | 492 | |
| Use ability | 65 | |
1400 total
» units
| Acolyte | 14 | |
| Ghoul | 12 | |
| Crypt Fiend | 28 | |
| Meatwagon | 3 | |
| Frost Wyrm | 5 | |
62 total
» upgrades
| Creature Attack | 3 | |
| Creature Carapace | 3 | |
| Web | 1 | |
| Unholy Strength | 1 | |
| Freezing Breath | 1 | |
9 total
» buildings
| Graveyard | 2 | |
| Ziggurat | 13 | |
| Crypt | 3 | |
| Altar of Darkness | 4 | |
| Halls of the Dead | 3 | |
| Black Citadel | 2 | |
| Spirit Tower | 6 | |
| Necropolis | 2 | |
| Slaughterhouse | 1 | |
| Sacrificial Pit | 1 | |
| Boneyard | 2 | |
39 total
» build order
00:14 Graveyard
00:21 Ziggurat
00:39 Crypt
01:06 Altar of Darkness
01:15 Ziggurat
02:45 Ziggurat
02:48 Ziggurat
04:09 Halls of the Dead
08:09 Black Citadel
08:16 Ziggurat
08:50 Spirit Tower
09:13 Spirit Tower
09:24 Spirit Tower
10:07 Spirit Tower
18:30 Necropolis
18:39 Ziggurat
21:20 Crypt
21:37 Altar of Darkness
21:41 Altar of Darkness
22:11 Ziggurat
22:14 Ziggurat
23:04 Graveyard
24:37 Halls of the Dead
25:39 Ziggurat
30:24 Necropolis
31:58 Altar of Darkness
32:01 Crypt
36:34 Halls of the Dead
37:38 Ziggurat
37:41 Ziggurat
41:38 Spirit Tower
41:44 Spirit Tower
43:00 Black Citadel
43:09 Slaughterhouse
44:53 Sacrificial Pit
44:55 Ziggurat
44:57 Ziggurat
46:15 Boneyard
46:20 Boneyard
Loves_to_spooge (
pink | 40 APM | 2190 actions | 54:07)
9 Demon Hunter
3 Mana Burn
3 Evasion
1 Metamorphosis
2 Immolation
» actions
| Basic commands | 5 | |
| Build / train | 124 | |
| Enter build submenu | 23 | |
| Enter hero's abilities submenu | 10 | |
| Right click | 1561 | |
| Select / deselect | 382 | |
| Use ability | 85 | |
2190 total
» units
| Wisp | 20 | |
| Archer | 14 | |
| Druid of the Talon | 8 | |
| Dryad | 15 | |
| Huntress | 5 | |
| Chimaera | 15 | |
| Hippogryph | 18 | |
95 total
» upgrades
| Strength of the Moon | 1 | |
| Moon Armor | 1 | |
| Strength of the Wild | 3 | |
| Abolish Magic | 1 | |
| Corrosive Breath | 1 | |
| Reinforced Hides | 2 | |
9 total
» buildings
| Moon Well | 8 | |
| Altar of Elders | 1 | |
| Ancient of War | 1 | |
| Tree of Ages | 1 | |
| Hunter's Hall | 1 | |
| Ancient of Wind | 1 | |
| Ancient of Lore | 1 | |
| Tree of Life | 1 | |
| Tree of Eternity | 1 | |
| Ancient Protector | 3 | |
| Chimaera Roost | 3 | |
22 total
» build order
00:05 Moon Well
00:07 Altar of Elders
00:15 Ancient of War
01:36 Moon Well
04:17 Tree of Ages
04:19 Moon Well
05:17 Hunter's Hall
05:33 Moon Well
08:44 Ancient of Wind
08:46 Ancient of Lore
09:35 Tree of Life
12:00 Tree of Eternity
12:32 Moon Well
13:10 Ancient Protector
13:14 Ancient Protector
13:22 Ancient Protector
15:33 Chimaera Roost
15:36 Chimaera Roost
15:54 Chimaera Roost
17:12 Moon Well
17:15 Moon Well
19:34 Moon Well
» items
| Scroll of Town Portal | 2 | |
| Potion of Healing | 3 | |
| Scroll of Speed | 2 | |
| Orb of Lightning | 1 | |
8 total
WIIU-PWN-XBOX1 (
purple | 54 APM | 3369 actions | 62:00)
7 Blademaster
3 Wind Walk
3 Critical Strike
1 Bladestorm
6 Shadow Hunter
2 Hex
3 Healing Wave
1 Big Bad Voodoo
6 Tauren Chieftain
3 War Stomp
2 Endurance Aura
1 Reincarnation
» actions
| Assign group hotkey | 63 | |
| Basic commands | 128 | |
| Build / train | 81 | |
| Enter build submenu | 33 | |
| Enter hero's abilities submenu | 20 | |
| Give item / drop item | 7 | |
| Right click | 1352 | |
| Select / deselect | 335 | |
| Select group hotkey | 1152 | |
| Use ability | 197 | |
3369 total
» units
» upgrades
| Ranged Weapons | 3 | |
| Reinforced Defenses | 1 | |
| Armor | 3 | |
| Envenomed Spears | 1 | |
| Ensnare | 1 | |
9 total
» buildings
| Altar of Storms | 1 | |
| Orc Burrow | 8 | |
| War Mill | 1 | |
| Voodoo Lounge | 1 | |
| Watch Tower | 32 | |
| Stronghold | 3 | |
| Great Hall | 2 | |
| Fortress | 2 | |
| Beastiary | 5 | |
55 total
» build order
00:08 Altar of Storms
00:22 Orc Burrow
00:39 War Mill
01:14 Voodoo Lounge
01:52 Watch Tower
02:38 Watch Tower
03:08 Watch Tower
03:58 Stronghold
03:58 Stronghold
04:21 Orc Burrow
04:40 Watch Tower
04:47 Watch Tower
04:58 Orc Burrow
05:32 Orc Burrow
06:44 Great Hall
07:06 Fortress
07:30 Beastiary
07:34 Beastiary
10:31 Watch Tower
10:31 Watch Tower
10:32 Watch Tower
10:33 Watch Tower
11:57 Watch Tower
11:57 Watch Tower
11:57 Watch Tower
12:23 Orc Burrow
13:54 Orc Burrow
14:05 Watch Tower
14:48 Watch Tower
15:31 Beastiary
15:59 Watch Tower
16:00 Watch Tower
16:00 Watch Tower
17:01 Watch Tower
17:02 Watch Tower
17:02 Watch Tower
21:21 Watch Tower
21:22 Watch Tower
23:52 Great Hall
23:53 Watch Tower
23:54 Watch Tower
23:55 Watch Tower
23:55 Watch Tower
24:43 Watch Tower
25:02 Orc Burrow
25:03 Orc Burrow
25:17 Watch Tower
25:18 Watch Tower
27:28 Beastiary
27:31 Beastiary
42:51 Stronghold
48:17 Fortress
» items
| Healing Salve | 4 | |
| Lesser Clarity Potion | 3 | |
| Staff of Teleportation | 3 | |
| Scroll of Town Portal | 4 | |
| Potion of Mana | 1 | |
| Orb of Lightning | 1 | |
| Potion of Healing | 1 | |
| Boots of Speed | 1 | |
18 total
afk- (
orange | 9 APM | 324 actions | 37:43)
1 Keeper of the Grove
1 Entangling Roots
» actions
| Basic commands | 2 | |
| Build / train | 30 | |
| Enter build submenu | 17 | |
| Enter hero's abilities submenu | 1 | |
| Remove unit from queue | 3 | |
| Right click | 83 | |
| Select / deselect | 156 | |
| Use ability | 32 | |
324 total
» units
» upgrades
» buildings
| Moon Well | 3 | |
| Hunter's Hall | 1 | |
| Ancient Protector | 8 | |
| Ancient of Wonders | 1 | |
| Tree of Ages | 1 | |
| Altar of Elders | 1 | |
15 total
» build order
01:11 Moon Well
01:25 Moon Well
01:31 Moon Well
02:15 Hunter's Hall
03:29 Ancient Protector
03:33 Ancient Protector
03:34 Ancient Protector
03:37 Ancient Protector
03:40 Ancient Protector
04:45 Ancient Protector
04:51 Ancient Protector
05:50 Ancient Protector
06:12 Ancient of Wonders
06:23 Tree of Ages
09:24 Altar of Elders
» items
Chat log
(00:07 / All) ReisHK: IM THE LORD SATAN
(00:12 / All) WIIU-PWN-XBOX1: hail
(00:16 / All) Negrornancer: Hail how are you all tonight?
(00:24 / All) ReisHK: PREPARE YOUR MOUTH TO RECEIVE MY DEMONCUM
(00:26 / All) Opponet: um
(00:30 / All) Negrornancer: I am sipping a Dr. Pepper listening to OTWATM so I am having a good night
(00:38 / All) Opponet: *walks away...
(00:42 / All) ReisHK: YOU WILL SIPPING ON MY DEMONCUM SOON
(00:52 / All) ReisHK: THATIS
(00:52 / All) WIIU-PWN-XBOX1: sup yellow you sleep like a king the other night?
(00:54 / All) Opponet: i am bumping YOYO MA lmao real talk
(00:54 / Allies) monasou: im still feeling the beers i had earlier
(00:57 / All) ReisHK: BUT U NOT
(01:22 / All) Opponet: wait a min who are you xbox?!
(01:31 / All) Opponet: dont tell me you are,,, that 666 guy O.o
(01:37 / All) WIIU-PWN-XBOX1: we played a game 2 nights ago in that comeback game
(01:51 / All) Opponet: what was your acnt name?
(02:10 / Allies) monasou: surround his archmage
(02:34 / All) ReisHK: I LOVE WHEN DISH NETWORK OFFERS FREE PREVIEWS
(02:35 / All) ReisHK: LIKE HBO
(02:36 / All) ReisHK: THATS HOT
(02:50 / All) Opponet: u heard the new DISH commerical song?
(02:52 / All) ReisHK: FREE IS SEXY
(02:56 / All) ReisHK: FREE GOOD STUFF
(03:04 / All) ReisHK: NOT REALLY
(03:05 / All) Opponet: too bad freedom isnt free :/
(03:07 / All) ReisHK: I DOTN WATCH COMEMRCIALS
(03:16 / All) Opponet: oh well when u get the chance the song is called 'the winner is"
(03:20 / All) ReisHK: YOU HAVE TO KILL JEWS FOR FREEDOM
(03:20 / All) monasou: nope, dont worry, i do a good job getting you freedom
(03:31 / All) Opponet: what do u do?
(03:42 / All) monasou: 94F
(03:44 / All) ReisHK: I DO HOT BITCHES
(03:47 / All) ReisHK: SUPERMODELS
(03:51 / Allies) WIIU-PWN-XBOX1: feed me oj?
(03:51 / All) Opponet: english? teal lol
(03:55 / All) ReisHK: BECAUSE I AM LORD SATAN
(03:56 / All) monasou: soldier
(04:09 / All) Opponet: ah nice nice i got a couple people serving
(04:15 / All) ReisHK: ONLY DUMB PEOPLE BECOME SOLDIERS
(04:25 / All) monasou: 91% asvab score :)
(04:26 / All) ReisHK: CUZ THEY GOT NO REAL SKILLZ
(04:27 / All) Opponet: one of them was in tokyo i was like wahhhhh O.o sick
(04:32 / All) Opponet: lol nice
(04:36 / All) Opponet: i guess idk :D
(04:42 / All) ReisHK: SOLDIER DUMMIES
(04:43 / All) ReisHK: DIE FOR ME
(05:09 / All) ReisHK: we should hit
(05:15 / All) monasou: attack orange
(05:17 / All) Opponet: we should hit
(05:21 / All) monasou: he's super techin
(05:21 / All) Opponet: cause thats the game duh
(05:25 / All) Opponet: lol
(05:29 / All) ReisHK: hold on yellow
(05:50 / Allies) Loves_to_spooge: help?
(06:38 / Allies) WIIU-PWN-XBOX1: gold me oj
(07:08 / Allies) monasou: take that mine pink, i'll take the lower one
(07:23 / Allies) Loves_to_spooge: ty
(07:55 / Allies) monasou: boots are your
(07:56 / Allies) monasou: s
(07:59 / Allies) monasou: im fast enough
(08:43 / All) ReisHK: LOL
(08:43 / All) ReisHK: BANG
(09:41 / Allies) Loves_to_spooge: tp
(09:49 / All) ReisHK: YUMMY
(09:50 / All) ReisHK: SPIDERES
(09:55 / Allies) afk-: tech towers teal
(09:59 / Allies) Loves_to_spooge: ,,
(10:16 / Allies) Loves_to_spooge: sorry teal im commin man
(10:17 / Allies) Loves_to_spooge: trying
(10:26 / Allies) monasou: well we lose
(10:44 / All) ReisHK: orange
(10:46 / All) ReisHK: how does it feel
(10:49 / All) ReisHK: To be hated by ur teamm
(10:50 / Allies) WIIU-PWN-XBOX1: tp
(11:02 / All) afk-: they haven't said a word... no reason to
(12:07 / Allies) afk-: teal, I gave you 2500 gold, where the hell did you waste it?
(12:10 / Allies) Loves_to_spooge: oj make units man..
(12:16 / Allies) monasou: i gave it to pink and purple
(12:32 / Allies) afk-: that makes sense
(12:58 / Allies) monasou: i did manage to get an acolyte out
(13:46 / All) ReisHK: I dont trust christians
(13:52 / All) ReisHK: They are mentally damaged
(13:57 / All) ReisHK: do u agree
(14:27 / All) ReisHK: I stopped talking to my chirstian friends
(14:32 / All) ReisHK: i cant tolerate stupdity
(14:38 / Allies) Loves_to_spooge: need lust purp
(14:45 / All) ReisHK: I dont care how nice or polite they are
(16:32 / Allies) WIIU-PWN-XBOX1: tp pink
(16:34 / Allies) WIIU-PWN-XBOX1: kill blue
(17:06 / Allies) monasou: can you send a unit to where my base used to be
(17:13 / Allies) monasou: they are probably expoing it
(17:42 / Allies) Loves_to_spooge: need lust
(18:01 / Allies) Loves_to_spooge: go
(18:09 / Allies) afk-: no teal
(18:29 / Allies) Loves_to_spooge: red
(18:49 / Allies) Loves_to_spooge: GO
(19:03 / Allies) Loves_to_spooge: red hero
(19:30 / All) ReisHK: sorry dude
(20:26 / Allies) Loves_to_spooge: heal
(21:04 / Allies) Loves_to_spooge: lets
(21:08 / Allies) Loves_to_spooge: wait
(21:10 / Allies) Loves_to_spooge: need tp
(21:20 / Allies) Loves_to_spooge: k
(21:23 / Allies) Loves_to_spooge: get lust man
(21:24 / Allies) Loves_to_spooge: wtf
(21:28 / Allies) monasou: im slowly rebuilding
(21:40 / Allies) Loves_to_spooge: hit hall
(21:41 / Allies) Loves_to_spooge: ok?
(21:50 / Allies) Loves_to_spooge: HALLL
(23:02 / Allies) Loves_to_spooge: kill tank
(23:05 / Allies) Loves_to_spooge: purple wtf man
(23:37 / All) WIIU-PWN-XBOX1: fun gam elol
(23:42 / All) WIIU-PWN-XBOX1: i been watching lots o fkodo replays
(25:05 / Allies) Loves_to_spooge: purple get caster wtf man?
(25:09 / Allies) WIIU-PWN-XBOX1: k
(26:24 / Allies) WIIU-PWN-XBOX1: ignore red
(26:27 / Allies) WIIU-PWN-XBOX1: he doesnt have hsit
(26:37 / All) ReisHK: TIHS GAME SO NOOB
(26:39 / All) ReisHK: SO SIMCITY
(27:20 / All) Negrornancer: THIS IS THE HOLY LAND OF THE JEW
(27:20 / All) WIIU-PWN-XBOX1: lol
(27:22 / All) Negrornancer: I AM THE BANKER
(27:25 / All) Negrornancer: DO NOT INVADE THIS LAND
(27:27 / All) Negrornancer: THIS IS ISRAEL
(27:32 / All) Negrornancer: IT IS PROTECTED UNDER OUR ALLIANCE
(27:33 / All) Negrornancer: OK?
(27:37 / All) ReisHK: SUPER NOOB GAME YO
(27:39 / All) Negrornancer: I HAVE 15,000 IT IS NOT ENOUGH IN MY COINSACK
(27:44 / All) Opponet: red is noob
(27:54 / All) Negrornancer: At least I am not 65-73
(28:01 / All) Opponet: so lol new accnt
(28:03 / All) afk-: lol
(28:05 / All) Opponet: But u are noob
(28:19 / All) Negrornancer: gotta suciide my shit for under 50 food to get max jew gold
(28:45 / All) ReisHK: i need gold
(28:46 / All) WIIU-PWN-XBOX1: me and red clearly are the top players
(29:06 / All) afk-: me and blue are MLG professionals.
(29:24 / All) Negrornancer: Yellow is a teamkilling whore
(29:26 / Allies) afk-: get chims away and heal...
(29:33 / All) Opponet: ? n
(29:38 / Allies) afk-: =/
(29:48 / All) ReisHK: This aint a team game
(29:50 / All) ReisHK: Im watchin gtv
(29:51 / Allies) Loves_to_spooge: gold me purple..
(29:53 / All) ReisHK: so annoying as fuck
(30:14 / All) ReisHK: U can play ur simcity shit on ur own
(30:15 / All) ReisHK: bye
(30:18 / All) WIIU-PWN-XBOX1: lol
(30:19 / All) WIIU-PWN-XBOX1: mad
(30:20 / All) Negrornancer: cyu
(30:20 / All) WIIU-PWN-XBOX1: u mad
(30:25 / All) Negrornancer: I think they might be mad
(30:27 / All) WIIU-PWN-XBOX1: admit i am pro green
(30:30 / Allies) Loves_to_spooge: purple gimmi gold man
(31:14 / All) WIIU-PWN-XBOX1: miranda from mass effect #1
(31:31 / All) Negrornancer: Filthy traitor
(31:32 / All) WIIU-PWN-XBOX1: they still dont know what is going on rod
(31:34 / All) Negrornancer: Traitor to Israel
(31:38 / All) Negrornancer: They never do
(31:43 / All) Negrornancer: My jew might stops it
(31:50 / All) WIIU-PWN-XBOX1: standoff?
(31:52 / All) Opponet: rred u are not even jewish lmao
(31:53 / All) Negrornancer: I am too devious for them to figure it out
(32:00 / All) Negrornancer: Yes I am I am Israeli you fucking kike
(32:12 / All) Opponet: no u are not its soo clear dude lmao
(32:17 / All) Opponet: u phony :)
(32:17 / All) Negrornancer: I agree standoff
(32:19 / All) Negrornancer: Yes I am
(32:33 / All) Negrornancer: At worst I am a cryptojew
(33:14 / All) Negrornancer: losing dh in that form would be embarassing
(33:50 / Allies) Loves_to_spooge: wtf ?
(33:54 / Allies) WIIU-PWN-XBOX1: mis click
(33:55 / All) Negrornancer: Hero focuser, focusing on killing the jewish hero
(33:55 / Allies) afk-: ???
(33:59 / Allies) afk-: twice?
(34:16 / Allies) Loves_to_spooge: lets finish them.
(34:20 / Allies) WIIU-PWN-XBOX1: k
(34:23 / All) WIIU-PWN-XBOX1: ur going down red
(34:25 / All) WIIU-PWN-XBOX1: nigger
(34:30 / Allies) monasou: this is the strangest win i'll have gotten yet
(34:40 / All) Negrornancer: I'm a jew not a negro what do you think I am sammy davis jr even we have standards
(35:10 / Allies) Loves_to_spooge: stop tping to me
(35:25 / Allies) Loves_to_spooge: retard
(35:34 / All) Negrornancer: We'll tp all we want
(35:58 / All) WIIU-PWN-XBOX1: dh has s hit ton of hp
(36:06 / All) Negrornancer: micro is for non-jews that don't have lots of gold in their treasuries
(36:50 / All) WIIU-PWN-XBOX1: cant believe teal is still alive
(36:59 / All) Opponet: Lol
(37:01 / All) Opponet: and yellow
(37:07 / All) monasou: got a single acolyte out at the start
(37:38 / Allies) Loves_to_spooge: purp meet
(37:42 / All) WIIU-PWN-XBOX1: how much gold does red have
(37:43 / All) Negrornancer: I have all the world's gold because I own all the banks
(38:01 / All) Negrornancer: dangerous acolytes
(38:04 / All) Negrornancer: good micro on my am
(38:34 / All) Negrornancer: wtf can't staff webbed units?
(39:01 / All) Negrornancer: lucky orb
(39:28 / All) Negrornancer: I have 20,000 gold to rebuild
(39:37 / All) Negrornancer: how about you, you fucking german aggressor
(39:46 / All) WIIU-PWN-XBOX1: 11k
(40:21 / All) Negrornancer: Seemed dangerous
(40:41 / All) Negrornancer: tp staff
(40:59 / All) Negrornancer: good work
(41:03 / All) Loves_to_spooge: fuck you purple
(41:06 / All) WIIU-PWN-XBOX1: lol
(41:10 / All) WIIU-PWN-XBOX1: u niggers figure it out yet?
(41:23 / All) Negrornancer: The negroes aren't very smart even a semite like me can admit it
(41:24 / All) Loves_to_spooge: youre a douchebag?
(41:25 / All) Loves_to_spooge: yeah
(41:29 / All) WIIU-PWN-XBOX1: i aint douce man
(41:35 / All) WIIU-PWN-XBOX1: im 180 pounds and im cut up
(41:44 / All) WIIU-PWN-XBOX1: i can do 50 push ups w/o resting
(41:55 / All) Loves_to_spooge: small
(42:16 / All) Opponet: teal i come in peace like relaly dont kill me
(42:22 / All) Negrornancer: wtf I thought I had more than that
(42:28 / All) WIIU-PWN-XBOX1: ill let u rebuild yellow
(42:34 / All) Opponet: tealllllllllllllllll
(43:54 / All) Negrornancer: I don't want to go over 50 food why you gotta make this so hard for a greedy kikefriend?
(44:23 / All) Negrornancer: You lost gold to taxes
(44:24 / All) WIIU-PWN-XBOX1: finally
(44:26 / All) Negrornancer: I don't pay taxes, I'm israeli
(44:39 / All) Negrornancer: It's called upkeep
(44:44 / All) Negrornancer: Not a good system to jews
(45:30 / All) WIIU-PWN-XBOX1: pink ill give u 500 gold if u want ur hero back
(45:43 / Allies) Loves_to_spooge: need more than that
(46:14 / All) WIIU-PWN-XBOX1: but i wont allow u to expo
(46:20 / Allies) Loves_to_spooge: i cant
(46:25 / Allies) Loves_to_spooge: theres no mines
(47:01 / Allies) Loves_to_spooge: i need 520 more -_-
(47:03 / All) WIIU-PWN-XBOX1: got enough?
(47:22 / Allies) Loves_to_spooge: ty
(48:14 / Allies) Loves_to_spooge: trying to end this?
(48:18 / All) WIIU-PWN-XBOX1: k
(48:21 / All) WIIU-PWN-XBOX1: red sucks
(48:31 / All) Opponet: Give me gold u cock boy red
(48:38 / All) Negrornancer: If you give me all your wood
(48:54 / All) Opponet: give me some gold u cock boy red
(49:04 / All) WIIU-PWN-XBOX1: yellow u dont remember the game we played?
(49:08 / All) WIIU-PWN-XBOX1: i went bm sh tc as well
(49:14 / All) WIIU-PWN-XBOX1: it was on the snow map
(49:19 / All) Opponet: lol a lot of people do that
(49:26 / All) Opponet: say something i would remember a joke
(49:30 / All) Opponet: or something gay that happneed
(49:32 / All) Opponet: or like
(49:32 / All) Opponet: idk
(49:35 / All) Opponet: a clue
(49:52 / All) Opponet: u sure it was me
(50:06 / All) WIIU-PWN-XBOX1: yes
(50:25 / Allies) Loves_to_spooge: teal you know purples with red right?
(50:31 / All) WIIU-PWN-XBOX1: not true pink
(50:36 / All) WIIU-PWN-XBOX1: we are not on same team
(50:39 / Allies) monasou: i hadnt figured that out after watching him kill your army
(50:48 / Allies) Loves_to_spooge: but youre being a total faggot
(50:53 / All) WIIU-PWN-XBOX1: how pink
(50:56 / All) WIIU-PWN-XBOX1: i didnt break any rules
(51:15 / Allies) Loves_to_spooge: end the game?
(51:19 / All) WIIU-PWN-XBOX1: okay
(51:32 / All) Opponet: need wood?
(51:42 / All) Negrornancer: I do
(51:50 / All) Negrornancer: I'll let you get your hero back for all of it
(51:51 / All) Opponet: pass some gold over
(51:52 / All) Negrornancer: let you tavern it
(51:54 / All) Negrornancer: and share control
(51:55 / All) Opponet: cant
(51:58 / All) Opponet: no far
(52:09 / All) Opponet: no farm
(52:24 / All) Negrornancer: I'd let you get blue's back then
(52:30 / Allies) Loves_to_spooge: sweet purp
(52:37 / All) Opponet: his herso are um how do u say it
(52:39 / All) WIIU-PWN-XBOX1: u would be dead if he went mk lol
(52:39 / All) Opponet: ehh
(52:45 / Allies) Loves_to_spooge: no shit
(52:46 / All) Negrornancer: He has 1 farm
(52:53 / All) Opponet: his heros are ehh tho
(52:59 / All) WIIU-PWN-XBOX1: lol
(53:01 / All) WIIU-PWN-XBOX1: who?
(53:14 / All) Opponet: not exactly
(53:19 / All) Opponet: his heros are ehh tho
(53:23 / All) Opponet: they dont make me happy
(53:29 / All) Opponet: i have needs
(53:41 / Allies) Loves_to_spooge: teal come with?
(53:44 / All) Opponet: need gold?
(53:51 / All) Opponet: i mean lumber
(53:54 / All) Negrornancer: I have 35,000 gold
(53:56 / All) Negrornancer: I do need lumber
(54:02 / All) Opponet: oh i have lumber
(54:04 / All) Opponet: want some
(54:05 / All) WIIU-PWN-XBOX1: i hope ur not plannning on attacking my base teal
(54:13 / All) Negrornancer: Israeli doesn't have enough trees but we have lots of precious gold especially from our wheeling and dealing
(54:23 / All) Opponet: oh cool
(54:39 / All) Opponet: so u want some lumber now?
(54:46 / All) Opponet: cause u ran low like real fast
(55:02 / All) Negrornancer: I could use some but you're more kikey than me, hand it out less than I give gold
(55:25 / All) Opponet: u wrote to much i didnt even read that shit
(55:38 / All) Opponet: do u want lumner
(55:40 / All) Opponet: lumber
(55:45 / All) Opponet: or i leave answer
(56:03 / All) Negrornancer: I need it
(56:11 / All) Opponet: fine guess u dont want any
(56:27 / All) Negrornancer: aww no standoff
(56:44 / All) WIIU-PWN-XBOX1: yes we dragged it out too much obviously
(56:49 / All) monasou: well this was a giant waste of time
(56:53 / All) Negrornancer: Fun game
(56:57 / All) monasou: did what i could but no point
(57:04 / All) monasou: anytime we did anything purple just fucks us over
(57:05 / All) Negrornancer: We had control of it at the start
(57:06 / All) WIIU-PWN-XBOX1: do not be ashamed teal
(57:07 / All) Negrornancer: Don't you realise?
(57:12 / All) WIIU-PWN-XBOX1: i didnt do anything teal lol
(57:15 / All) WIIU-PWN-XBOX1: i raped blue
(57:19 / All) WIIU-PWN-XBOX1: and green
(57:27 / All) WIIU-PWN-XBOX1: didnt even stab uguys til 5 min ago
(57:32 / All) Negrornancer: Yellow was begging for gold all game
(57:40 / All) WIIU-PWN-XBOX1: u let ur base get killed by yellow and green who sucked
(57:44 / All) monasou: well it's fucking 6 v 2
(57:55 / All) Negrornancer: You still couldn't handle a 6v2
(58:03 / All) monasou: me and pink were the 2
(58:08 / All) WIIU-PWN-XBOX1: correction it was 2v6
(58:12 / All) WIIU-PWN-XBOX1: u had 5 allies teal
(58:13 / All) Negrornancer: We were the 2
(58:32 / All) monasou: yeah which is why my base is getting attacked by my ally
(58:47 / All) WIIU-PWN-XBOX1: dude they didnt have anything that fihgt lol
(59:02 / All) WIIU-PWN-XBOX1: yellow had 3 fiends and green had ac ouple ghouls
(59:38 / All) monasou: we should have won
(59:40 / All) monasou: but i guess not
(59:57 / All) Negrornancer: Nay you should not have for we were in the game
(60:01 / All) Negrornancer: No one should ever win in a game with us
(60:03 / All) Negrornancer: All should lose
(60:09 / All) WIIU-PWN-XBOX1: i want to see ur chat mine sucked
(60:10 / All) Negrornancer: 50,000 gold
(60:15 / All) Negrornancer: Mine was okay
(60:20 / All) Negrornancer: Lot of beggars
(60:31 / All) WIIU-PWN-XBOX1: i did not let blue expo all game
(60:45 / All) monasou: im glad you two had fun at the expense of 6 others
(60:52 / All) WIIU-PWN-XBOX1: im getting better at hexastomp i got blues archmage twice with it
(60:52 / All) Negrornancer: Which team gets the loss?
(60:58 / All) Negrornancer: He is 29-32
(61:04 / All) WIIU-PWN-XBOX1: up to u
(61:30 / All) Negrornancer: 41-65, 257-264 green and blue
(61:37 / All) Negrornancer: Orange 1-5
(61:50 / All) WIIU-PWN-XBOX1: up to u
(61:55 / All) Negrornancer: 28-34 spooger
(61:57 / All) Negrornancer: I say my team loses